cohdb
Replays
Latest Replays
All Replays
Popular Replays
Top Player Replays
Match Explorer
How It Works
Community
CoH3 Stats
Reddit
Sign in to upload your games and track your stats! →
Sign in with Steam
Match 41751291
Unlisted
Match 41751291
Overview
Messages
Build Orders
End
Kettenkrad Recon Vehicle
Construct Infanterie Kompanie
Selects Breakthrough Battlegroup
Selects Assault Grenadiers
Grenadier Squad
Grenadier Squad
MG 42 Machine Gun Team
Selects 2.5-tonne Cargo Truck
Medical Station
GrW 34 Mortar Team
Construct Luftwaffe Kompanie
Jäger Squad
Kettenkrad Recon Vehicle
221 Scout Car
Selects Smoke Bombing Run
Selects Incendiary Bombing Run
Jäger Squad
Jäger Squad
Construct Panzergrenadier Kompanie
Estus
سَۨفُـيٰانۨوٰس
0
0
Comments
sign in to comment!
No comments posted yet!